 Dungeon Crawl Stone Soup version 0.25.1-1-g288607f5aa (webtiles) character file.

Game seed: 8214048668023287693

3587 Asdor the Poker (level 9, -25/72 HPs)
             Began as a Demonspawn Abyssal Knight on July 23, 2020.
             Was an Elder of Lugonu.
             Engulfed by a cloud of flame (27 damage)
             ... on level 8 of the Dungeon.
             The game lasted 00:29:04 (10456 turns).

Asdor the Poker (Demonspawn Abyssal Knight)        Turns: 10456, Time: 00:29:04

Health: -25/72     AC:  9    Str: 13    XL:     9   Next: 85%
Magic:  12/13      EV: 14    Int: 14    God:    Lugonu [****..]
Gold:   363        SH:  0    Dex: 15    Spells: 8/8 levels left

rFire    x . .     SeeInvis +   x - +0 lajatang
rCold    + . .     Gourm    .   (shield currently unavailable)
rNeg     . . .     Faith    .   q - +3 ring mail "Baudanev" {SInv Stlth+}
rPois    .         Spirit   .   (helmet restricted)
rElec    .         Reflect  .   (no cloak)
rCorr    .         Harm     .   (no gloves)
MR       .....                  (no boots)
Stlth    ++........             (no amulet)
HPRegen  0.22/turn              k - ring of flight
MPRegen  0.13/turn              n - ring of ice

@: no status effects
A: claws 2, hooves 1, horns 1
a: Depart the Abyss, Bend Space, Banish, Corrupt, Renounce Religion, Evoke
Flight


You were on level 8 of the Dungeon.
You worshipped Lugonu.
Lugonu was greatly pleased with you.
You were not hungry.

You visited 2 branches of the dungeon, and saw 10 of its levels.
You visited the Abyss 1 time.
You also visited: Sewer.

You collected 363 gold pieces.

Inventory:

Hand Weapons
 a - a +1 spear
 x - a +0 lajatang (weapon)
 C - the +0 dagger of Xushroq {vamp, rPois}
   (You found it on level 5 of the Dungeon)

   It inflicts no extra harm, but heals its wielder when it wounds a living foe.
   It protects you from poison.
Armour
 b - a +0 leather armour
 q - the +3 ring mail "Baudanev" (worn) {SInv Stlth+}
   (You found it on level 5 of the Dungeon)

   It lets you see invisible.
   It makes you more stealthy.
 s - a +0 ring mail
 B - a cursed +0 tower shield
Jewellery
 k - a ring of flight (left claw)
 n - a ring of ice (right claw)
 E - an uncursed ring of fire {unknown}
Wands
 d - a wand of clouds (6)
 j - a wand of disintegration (16)
 o - a wand of acid (13)
 A - a wand of enslavement (5)
 F - a wand of random effects (23)
Scrolls
 f - 9 scrolls of teleportation
 h - 2 scrolls of enchant armour
 i - 2 scrolls of noise
 m - a scroll of fog
 y - 2 scrolls of blinking
 z - 2 scrolls of remove curse
Potions
 e - a potion of mutation {unknown}
 g - 4 potions of flight
 l - a potion of heal wounds {unknown}
 r - 2 potions of ambrosia {unknown}
 t - a potion of might
 u - 2 potions of brilliance
 v - 2 potions of degeneration {unknown}
 w - a potion of magic {unknown}
 D - a potion of lignification {unknown}
 H - a potion of invisibility {unknown}
Comestibles
 c - 13 rations
 G - 8 chunks of flesh


   Skills:
 + Level 7.1 Fighting
 + Level 7.4 Polearms
 + Level 5.9 Armour
 + Level 5.7 Dodging
 + Level 6.1 Invocations


You had 8 spell levels left.
You didn't know any spells.
Your spell library contained the following spells:

 Spells                   Type           Power        Failure   Level  Hunger
 Beastly Appendage        Tmut           #.....       50%         1    ##.....
 Sting                    Tmut/Pois      #...         50%         1    ##.....
 Poisonous Vapours        Pois/Air       #.....       65%         2    ###....
 Sticks to Snakes         Tmut           #.......     65%         2    ###....
 Conjure Flame            Conj/Fire      #.......     86%         3    ####...
 Ignite Poison            Fire/Tmut/Pois #.......     86%         3    ####...
 Mephitic Cloud           Conj/Pois/Air  #.......     86%         3    ####...
 Spider Form              Tmut/Pois      #.........   86%         3    ####...
 Ice Form                 Ice/Tmut       #.......     99%         4    #####..
 Olgreb's Toxic Radiance  Pois           #.......     99%         4    #####..
 Blade Hands              Tmut           #.........   100%        5    ######.
 Freezing Cloud           Conj/Ice/Air   #.........   100%        6    #######
 Ring of Flames           Chrm/Fire      #.........   100%        7    #######


Dungeon Overview and Level Annotations

Branches:
Dungeon (9/15)             Temple (1/1) D:5           Sewer (visited)
   Lair: D:8-11         Orc: D:9-12

Altars:
Ashenzari
Cheibriados
Dithmenos
Elyvilon
Fedhas
Gozag
Hepliaklqana
Kikubaaqudgha
Makhleb
Nemelex Xobeh
Okawaru
Qazlal
Ru
Sif Muna
Trog
Uskayaw
Vehumet
Wu Jian
Xom
Zin
The Shining One


Innate Abilities, Weirdness & Mutations

You have very sharp fingernails.
You have large cloven feet.
You have a pair of small horns on your head.


Message History

The orc warrior barely misses you.
The black bear is engulfed in blazing flames.
You kill the black bear!
Lugonu accepts your kill.
You barely miss the orc. The orc barely misses you.
The orc warrior is engulfed in blazing flames.
The orc warrior hits you with a +0 halberd!
* * * LOW HITPOINT WARNING * * *
You feel better. The orc closely misses you.
The orc warrior is engulfed in blazing flames.
The orc warrior hits you with a +0 halberd!
* * * LOW HITPOINT WARNING * * *
Blink to where?
Press: ? - help, Dir - move target cursor, f - you, p - orc warrior
Okay, then.
Blink to where?
Press: ? - help, Dir - move target cursor, f - you, p - orc warrior
Okay, then.
Space bends around you!
You blink.
You are engulfed in blazing flames.
You die...

#.##.####### #..# #
#..........# #..# #
####.#####.# #..# # #.# #o#
#..# # #.# #§# #..# #
#.#####o####..# #
#.....§§§.....#####
##....§§§.........#
#....§§§§@......#.# ####
#####..####.####....#.# #...
#......# #......#.##.### #.##
#.###.## #..#####......# #.#
#.# #.# #..# #..###.###.#
#.###.#####..#####..# #.....#
#..##>...........##.###.###.#
##.##.##########.##.....# #.#
#.##.# #.#....### #.##


You could see an orc warrior and an orc.

Vanquished Creatures
  Pikel (D:8)
  Grinder (D:3)
  Purgy (Sewer)
  3 slaves (D:8)
  A black bear (D:8)
  A phantom (D:7)
  2 orc warriors
  4 ice beasts
  4 ogres
  2 centaurs
  Blork the orc (D:5)
  3 bullfrogs
  2 scorpions
  6 killer bees (D:8)
  A howler monkey (D:6)
  3 wights (D:8)
  2 bullfrog zombies
  A centaur zombie (D:3)
  2 jellies
  5 orc priests
  3 hounds
  3 orc wizards
  An iguana (D:5)
  4 worker ants
  A hound skeleton (D:4)
  7 gnolls (D:8)
  7 adders
  A river rat (D:6)
  2 shadow imps
  An ooze (D:3)
  An adder zombie (D:8)
  3 worms
  2 dart slugs
  3 leopard geckos
  25 orcs
  6 ball pythons
  4 giant cockroaches
  6 goblins
  10 hobgoblins
  4 jackals (D:4)
  3 quokkas
  5 bats
  9 frilled lizards
  2 kobolds
  A leopard gecko skeleton (D:4)
  11 rats
171 creatures vanquished.

Vanquished Creatures (others)
  A slave (D:8)
  An adder (D:8)
  A leopard gecko (D:8)
  A quokka (D:8)
  A frilled lizard (D:4)
  4 toadstools (D:1)
9 creatures vanquished.

Grand Total: 180 creatures vanquished

Notes
Turn   | Place    | Note
-------+----------+-------------------------------------------
     0 | Abyss:1  | Asdor the Demonspawn Abyssal Knight began the quest for the
                  | Orb.
     0 | Abyss:1  | Reached XP level 1. HP: 18/18 MP: 2/2
    64 | Abyss:1  | Noticed a thrashing horror
   109 | Abyss:1  | Noticed a starcursed mass
   116 | D:1      | Escaped the Abyss
   474 | D:1      | Reached * piety under Lugonu
   786 | D:1      | Reached skill level 1 in Dodging
   786 | D:1      | Gained mutation: You have large cloven feet. [demonic
                  | ancestry]
   786 | D:1      | Reached XP level 2. HP: 17/24 MP: 3/3
  1264 | D:2      | Reached XP level 3. HP: 22/29 MP: 4/4
  1960 | D:2      | Found a hide-covered altar of Uskayaw.
  2221 | D:3      | Gained mutation: You have sharp fingernails. [demonic
                  | ancestry]
  2221 | D:3      | Reached XP level 4. HP: 30/36 MP: 5/5
  2411 | D:3      | Noticed Grinder
  2411 | D:3      | Paralysed by Grinder for 2 turns
  2416 | D:3      | Paralysed by Grinder for 7 turns
  2427 | D:3      | Killed Grinder
  2427 | D:3      | Reached XP level 5. HP: 36/42 MP: 6/6
  2428 | D:3      | Gained mutation: You have very sharp fingernails. [demonic
                  | ancestry]
  2428 | D:3      | Reached XP level 6. HP: 41/48 MP: 7/7
  2443 | D:3      | Reached ** piety under Lugonu
  2970 | D:3      | HP: 2/48 [poisoned by a scorpion]
  3543 | D:4      | Found a hazy altar of Hepliaklqana.
  3783 | D:4      | Found a stormy altar of Qazlal.
  4130 | D:4      | Found a glowing golden altar of the Shining One.
  4164 | D:4      | Reached XP level 7. HP: 14/55 MP: 8/8
  4836 | D:5      | Entered Level 5 of the Dungeon
  4885 | D:5      | Got a fading dagger
  4981 | D:5      | Identified the cursed +0 dagger of Xushroq {vamp, rPois}
                  | (You found it on level 5 of the Dungeon)
  5157 | D:5      | Got a twisted ring mail
  5214 | D:5      | Identified the +3 ring mail "Baudanev" {SInv Stlth+} (You
                  | found it on level 5 of the Dungeon)
  5264 | D:5      | Reached skill level 5 in Polearms
  5647 | D:5      | Reached skill level 5 in Fighting
  5897 | D:5      | Found a staircase to the Ecumenical Temple.
  5903 | Temple   | Entered the Ecumenical Temple
  6205 | D:5      | Noticed Blork the orc
  6219 | D:5      | Killed Blork the orc
  6464 | D:6      | Gained mutation: You have a pair of small horns on your
                  | head. [demonic ancestry]
  6464 | D:6      | Reached XP level 8. HP: 60/62 MP: 9/9
  6492 | D:6      | Found a glowing drain.
  6515 | Sewer    | Entered a sewer
  6557 | Sewer    | Noticed Purgy
  6572 | Sewer    | Killed Purgy
  6942 | D:6      | Reached *** piety under Lugonu
  8190 | D:7      | Reached skill level 5 in Armour
  8190 | D:7      | Reached XP level 9. HP: 56/69 MP: 10/12
  8629 | D:7      | Found a shattered altar of Ashenzari.
  9047 | D:8      | Reached skill level 5 in Dodging
  9105 | D:8      | Noticed Pikel
  9124 | D:8      | Reached skill level 5 in Invocations
  9138 | D:8      | Killed Pikel
  9451 | D:8      | Found a blossoming altar of Fedhas.
  9451 | D:8      | Found an ancient bone altar of Kikubaaqudgha.
  9906 | D:8      | Reached **** piety under Lugonu
 10170 | D:8      | Found an ornate altar of the Wu Jian Council.
 10174 | D:8      | Found a sacrificial altar of Ru.
 10456 | D:8      | Engulfed by a cloud of flame

Illustrated notes

Levels and vault maps discovered:
D:1:      ldierk_walled_garden_2, layout_rooms
D:2:      layout_basic, overflow_temple_1_default
D:3:      layout_basic, uniq_grinder
D:4:      layout_loops_ring, lemuel_round_altar, grunt_qazlal_clouds,
          lemuel_doored_altar, first_ration
D:5:      layout_basic, minmay_temple_entry_hall, uniq_blork_the_orc
D:6:      layout_rooms, portal_sewer_entry_b
D:7:      layout_basic, marbit_many_paths, ashenzari_altar_1
D:8:      layout_loops_ring, minitemple, grunt_temple_overflow_growth_and_decay,
          uniq_pikel
D:9:      layout_irregular_city, blue_anna_alchemist [blue_anna_fruit_fields,
          blue_anna_fruit_fields]
Temple:   cyrus_circular_temple

Skill      XL: |  1  2  3  4  5  6  7  8  9 |
---------------+----------------------------+-----
Polearms       | 2 3 4 5 6 7 |  7.4
Dodging        | 1 2 3 4 5 |  5.7
Armour         | 2 3 4 5 |  5.9
Fighting       | 4 5 6 7 |  7.1
Invocations    | 4 6 |  6.1

Action                   |  1- 3 |  4- 6 |  7- 9 || total
-------------------------+-------+-------+-------++-------
Melee: Spear             |   118 |    71 |       ||   189
       Kick              |    13 |    29 |    88 ||   130
       Lajatang          |       |    46 |   380 ||   426
       Headbutt          |       |       |    54 ||    54
Invok: Depart the Abyss  |     1 |       |       ||     1
       Bend Space        |       |       |     1 ||     1
Evoke: Wand              |       |    14 |     9 ||    23
  Use: Potion            |       |     3 |     9 ||    12
       Scroll            |       |     1 |    12 ||    13
 Stab: Sleeping          |     1 |       |     4 ||     5
       Distracted        |       |     1 |       ||     1
       Confused          |       |       |     4 ||     4
  Eat: Chunk             |     4 |     6 |    14 ||    24
       Ration            |       |       |     2 ||     2
Armor: Leather armour    |    25 |    23 |     6 ||    54
       Ring mail         |       |       |   149 ||   149
Dodge: Dodged            |    54 |    73 |   392 ||   519
